[ PARTIDA AOE2 · #460080559 ]
UnrankedMagiares vs Burgundians
[ ANÁLISIS DE REPETICIÓN · EXTRAÍDO DE LA PARTIDA GRABADA ]
Feudal
9:28
Castillos
21:59
Imperial
—
| APM promedio | 71.7 |
| APM pico | 110 |
| eAPM promedio | 39.1 |
| Aldeanos / militares | 105 / 48 |
Foco
⚔️ 69.9% · 🌾 30.1%
Knight ×25 · Scout Cavalry ×19 · Monk ×2 · Spearman ×2
Feudal
—
Castillos
—
Imperial
—
| APM promedio | 33.8 |
| APM pico | 68 |
| eAPM promedio | 20.1 |
| Aldeanos / militares | 81 / 49 |
Foco
⚔️ 29.9% · 🌾 70.1%
Knight ×28 · Scout Cavalry ×14 · Spearman ×6 · Militia ×1
Feudal
—
Castillos
—
Imperial
—
| APM promedio | 41.8 |
| APM pico | 77 |
| eAPM promedio | 21.5 |
| Aldeanos / militares | 56 / 61 |
Foco
⚔️ 35.0% · 🌾 65.0%
Archer ×61
Feudal
9:07
Castillos
23:38
Imperial
—
| APM promedio | 49.4 |
| APM pico | 88 |
| eAPM promedio | 20.0 |
| Aldeanos / militares | 74 / 59 |
Foco
⚔️ 32.4% · 🌾 67.6%
Archer ×59
Feudal
9:17
Castillos
21:40
Imperial
—
| APM promedio | 59.3 |
| APM pico | 111 |
| eAPM promedio | 22.7 |
| Aldeanos / militares | 80 / 46 |
Foco
⚔️ 29.6% · 🌾 70.4%
Knight ×35 · Scout Cavalry ×11
Feudal
9:21
Castillos
23:52
Imperial
—
| APM promedio | 46.6 |
| APM pico | 88 |
| eAPM promedio | 17.7 |
| Aldeanos / militares | 65 / 0 |
Foco
⚔️ 33.9% · 🌾 66.1%
Unknown (2550) ×88
Feudal
9:23
Castillos
24:27
Imperial
—
| APM promedio | 68.0 |
| APM pico | 115 |
| eAPM promedio | 34.7 |
| Aldeanos / militares | 110 / 133 |
Foco
⚔️ 53.4% · 🌾 46.6%
Archer ×133
Feudal
8:53
Castillos
22:45
Imperial
—
| APM promedio | 71.3 |
| APM pico | 131 |
| eAPM promedio | 28.7 |
| Aldeanos / militares | 78 / 86 |
Foco
⚔️ 35.6% · 🌾 64.4%
Cavalry Archer ×51 · Archer ×34 · Mangonel ×1
Mapa de la partida
Recursos iniciales + cada clic de construcción. Líneas = muros · curvas = relieve. ◆ oro · ⬟ piedra · ● bayas · ✦ reliquia · ◌ hueco del cierre
Tu base· ✓ Cerrada en 21:59 · 31t muro · 2 puerta(s)
Base de sebas0995932· Abierta — hueco de 13t
Base de pinneda· Abierta — hueco de 4t
Base de DK_Exmerior· ✓ Cerrada en 23:38 · 23t muro · 1 puerta(s)
Base de LiZArD· Abierta — flanco sin cerrar
Base de DK_Dani· Abierta — hueco de 2t
Base de Reluctance· ✓ Cerrada en 24:27 · 53t muro · 2 puerta(s)
Base de DK_Odysseo· Abierta — hueco de 3t
Terreno inicial suavizado · ◌ = hueco del cierre detectado · pasá el cursor para detalles
Inputs por minuto
— ReyO - - sebas0995932
Build order — ReyO
Primeras 150 de 263 acciones detectadas
| 0:00 | Crear | Villager (Male) |
| 0:02 | Construir | House |
| 0:03 | Construir | House |
| 0:14 | Crear | Villager (Male) |
| 0:20 | Crear | Villager (Male) |
| 0:26 | Crear | Villager (Male) |
| 1:27 | Construir | Lumber Camp |
| 1:33 | Crear | Villager (Male) |
| 1:33 | Crear | Villager (Male) |
| 2:08 | Crear | Villager (Male) |
| 2:26 | Crear | Villager (Male) |
| 2:56 | Crear | Villager (Male) |
| 2:56 | Crear | Villager (Male) |
| 3:23 | Crear | Villager (Male) |
| 3:27 | Construir | House |
| 3:29 | Construir | House |
| 3:42 | Crear | Villager (Male) |
| 4:09 | Crear | Villager (Male) |
| 4:36 | Crear | Villager (Male) |
| 4:46 | Crear | Villager (Male) |
| 5:30 | Investigar | Loom |
| 5:31 | Crear | Villager (Male) |
| 5:33 | Construir | Mill |
| 5:53 | Crear | Villager (Male) |
| 6:12 | Crear | Villager (Male) |
| 6:41 | Investigar | Loom |
| 7:08 | Investigar | Feudal Age |
| 8:03 | Construir | Lumber Camp |
| 8:50 | Construir | Barracks |
| 9:08 | Crear | Villager (Male) |
| 9:28 | Edad | Edad Feudal |
| 9:29 | Crear | Villager (Male) |
| 9:43 | Crear | Villager (Male) |
| 9:44 | Investigar | Double-Bit Axe |
| 9:46 | Construir | Stable |
| 9:50 | Construir | Palisade Wall |
| 9:52 | Construir | Palisade Wall |
| 9:56 | Crear | Villager (Male) |
| 10:11 | Crear | Villager (Male) |
| 10:12 | Investigar | Horse Collar |
| 10:15 | Construir | House |
| 10:16 | Construir | House |
| 10:26 | Crear | Scout Cavalry |
| 10:26 | Crear | Scout Cavalry |
| 10:44 | Construir | Farm |
| 10:47 | Construir | Farm |
| 10:49 | Crear | Villager (Male) |
| 11:02 | Crear | Scout Cavalry |
| 11:02 | Crear | Scout Cavalry |
| 11:24 | Construir | Farm |
| 11:30 | Construir | House |
| 11:31 | Construir | House |
| 11:34 | Crear | Scout Cavalry |
| 11:43 | Crear | Villager (Male) |
| 11:43 | Crear | Villager (Male) |
| 11:45 | Construir | Farm |
| 11:47 | Construir | Farm |
| 12:09 | Crear | Villager (Male) |
| 12:13 | Construir | House |
| 12:15 | Crear | Scout Cavalry |
| 12:22 | Construir | Farm |
| 12:30 | Crear | Villager (Male) |
| 12:37 | Crear | Villager (Male) |
| 12:43 | Crear | Villager (Male) |
| 12:46 | Construir | Farm |
| 12:47 | Construir | Farm |
| 12:47 | Construir | Farm |
| 12:52 | Crear | Scout Cavalry |
| 12:58 | Construir | Palisade Wall |
| 13:04 | Crear | Villager (Male) |
| 13:07 | Construir | Farm |
| 13:11 | Construir | Palisade Gate |
| 13:25 | Construir | Palisade Wall |
| 13:26 | Construir | Palisade Wall |
| 13:30 | Construir | Palisade Wall |
| 13:31 | Construir | House |
| 13:32 | Crear | Villager (Male) |
| 13:35 | Construir | Farm |
| 13:39 | Crear | Villager (Male) |
| 13:43 | Construir | House |
| 13:45 | Construir | Palisade Wall |
| 13:51 | Crear | Villager (Male) |
| 13:55 | Construir | Palisade Wall |
| 13:58 | Construir | Palisade Wall |
| 14:00 | Construir | Palisade Wall |
| 14:02 | Construir | Palisade Wall |
| 14:03 | Construir | House |
| 14:09 | Construir | Farm |
| 14:12 | Crear | Villager (Male) |
| 14:12 | Crear | Spearman |
| 14:17 | Construir | Palisade Wall |
| 14:21 | Construir | Palisade Wall |
| 14:23 | Construir | Farm |
| 14:24 | Construir | Farm |
| 14:25 | Crear | Villager (Male) |
| 14:45 | Construir | Farm |
| 14:50 | Crear | Scout Cavalry |
| 15:02 | Construir | Farm |
| 15:04 | Crear | Spearman |
| 15:15 | Construir | Farm |
| 15:29 | Construir | Farm |
| 15:40 | Crear | Villager (Male) |
| 15:43 | Crear | Scout Cavalry |
| 15:53 | Crear | Villager (Male) |
| 15:58 | Construir | Mining Camp |
| 16:12 | Construir | Farm |
| 16:15 | Crear | Scout Cavalry |
| 16:15 | Crear | Villager (Male) |
| 16:35 | Crear | Villager (Male) |
| 16:50 | Construir | Blacksmith |
| 16:54 | Crear | Villager (Male) |
| 17:01 | Crear | Villager (Male) |
| 17:20 | Crear | Villager (Male) |
| 17:25 | Crear | Villager (Male) |
| 17:29 | Construir | Farm |
| 17:48 | Construir | House |
| 17:49 | Construir | House |
| 18:06 | Crear | Villager (Male) |
| 18:07 | Construir | House |
| 18:11 | Construir | Stable |
| 18:35 | Construir | House |
| 18:38 | Construir | Palisade Wall |
| 18:39 | Crear | Villager (Male) |
| 18:51 | Construir | House |
| 19:01 | Construir | Palisade Wall |
| 19:19 | Investigar | Castle Age |
| 19:20 | Investigar | Castle Age |
| 19:21 | Crear | Scout Cavalry |
| 19:21 | Crear | Scout Cavalry |
| 19:24 | Construir | House |
| 19:27 | Construir | Lumber Camp |
| 19:45 | Construir | Farm |
| 19:48 | Construir | Farm |
| 19:55 | Construir | House |
| 19:57 | Construir | Palisade Wall |
| 19:59 | Construir | Palisade Wall |
| 20:12 | Construir | Watch Tower |
| 20:18 | Construir | Palisade Gate |
| 20:22 | Construir | House |
| 20:27 | Construir | Palisade Wall |
| 20:28 | Construir | House |
| 20:32 | Crear | Scout Cavalry |
| 20:32 | Crear | Scout Cavalry |
| 20:37 | Investigar | Gold Mining |
| 21:00 | Crear | Scout Cavalry |
| 21:00 | Crear | Scout Cavalry |
| 21:03 | Crear | Scout Cavalry |
| 21:13 | Investigar | Scale Barding Armor |
| 21:14 | Investigar | Scale Barding Armor |
| 21:17 | Construir | Farm |
Build order — sebas0995932
Primeras 150 de 229 acciones detectadas
| 0:00 | Crear | Villager (Male) |
| 0:01 | Crear | Villager (Male) |
| 0:02 | Construir | House |
| 0:03 | Construir | House |
| 0:32 | Crear | Villager (Male) |
| 0:33 | Crear | Villager (Male) |
| 1:29 | Crear | Villager (Male) |
| 1:29 | Crear | Villager (Male) |
| 2:02 | Crear | Villager (Male) |
| 2:12 | Construir | Lumber Camp |
| 2:27 | Crear | Villager (Male) |
| 2:27 | Crear | Villager (Male) |
| 2:37 | Construir | House |
| 2:42 | Crear | Villager (Male) |
| 2:42 | Crear | Villager (Male) |
| 3:16 | Crear | Villager (Male) |
| 3:42 | Crear | Villager (Male) |
| 4:05 | Crear | Villager (Male) |
| 4:31 | Crear | Villager (Male) |
| 4:49 | Construir | Mill |
| 5:01 | Crear | Villager (Male) |
| 5:19 | Crear | Villager (Male) |
| 5:19 | Investigar | Loom |
| 6:11 | Investigar | Feudal Age |
| 6:11 | Investigar | Feudal Age |
| 7:36 | Construir | Outpost |
| 7:42 | Construir | Barracks |
| 8:17 | Crear | Villager (Male) |
| 8:34 | Construir | Stable |
| 8:52 | Construir | House |
| 8:53 | Construir | House |
| 8:53 | Construir | House |
| 8:54 | Crear | Villager (Male) |
| 9:00 | Construir | House |
| 9:03 | Construir | House |
| 9:16 | Crear | Scout Cavalry |
| 9:18 | Crear | Militia |
| 9:32 | Construir | Farm |
| 9:40 | Crear | Villager (Male) |
| 9:41 | Crear | Villager (Male) |
| 9:42 | Crear | Scout Cavalry |
| 9:50 | Construir | House |
| 9:54 | Construir | Palisade Wall |
| 10:00 | Construir | Palisade Wall |
| 10:04 | Crear | Scout Cavalry |
| 10:05 | Crear | Scout Cavalry |
| 10:19 | Construir | Farm |
| 10:29 | Construir | Farm |
| 10:31 | Crear | Villager (Male) |
| 10:49 | Crear | Scout Cavalry |
| 10:50 | Crear | Scout Cavalry |
| 11:14 | Crear | Villager (Male) |
| 11:27 | Construir | Farm |
| 11:36 | Crear | Villager (Male) |
| 11:42 | Investigar | Horse Collar |
| 11:42 | Investigar | Horse Collar |
| 11:46 | Construir | Farm |
| 12:01 | Crear | Villager (Male) |
| 12:12 | Investigar | Double-Bit Axe |
| 12:12 | Investigar | Double-Bit Axe |
| 12:12 | Investigar | Double-Bit Axe |
| 12:16 | Construir | Farm |
| 12:17 | Construir | Farm |
| 12:18 | Construir | Farm |
| 12:34 | Crear | Villager (Male) |
| 12:34 | Crear | Villager (Male) |
| 12:37 | Construir | Farm |
| 12:56 | Crear | Villager (Male) |
| 12:56 | Crear | Villager (Male) |
| 12:59 | Construir | Farm |
| 13:06 | Crear | Spearman |
| 13:07 | Crear | Spearman |
| 13:25 | Crear | Villager (Male) |
| 13:37 | Crear | Villager (Male) |
| 13:39 | Construir | Farm |
| 13:41 | Construir | Farm |
| 13:41 | Construir | Farm |
| 13:42 | Construir | Farm |
| 13:52 | Crear | Villager (Male) |
| 13:52 | Crear | Villager (Male) |
| 14:11 | Crear | Villager (Male) |
| 14:14 | Construir | Farm |
| 14:20 | Crear | Villager (Male) |
| 14:23 | Construir | Farm |
| 14:24 | Crear | Villager (Male) |
| 14:41 | Crear | Scout Cavalry |
| 14:41 | Crear | Scout Cavalry |
| 14:44 | Construir | House |
| 14:58 | Crear | Villager (Male) |
| 15:19 | Construir | Mining Camp |
| 15:25 | Crear | Spearman |
| 15:25 | Crear | Spearman |
| 15:37 | Crear | Scout Cavalry |
| 15:37 | Crear | Scout Cavalry |
| 15:46 | Construir | House |
| 15:48 | Crear | Spearman |
| 16:12 | Crear | Scout Cavalry |
| 17:26 | Crear | Villager (Male) |
| 17:34 | Crear | Villager (Male) |
| 17:37 | Construir | House |
| 17:39 | Construir | House |
| 17:40 | Construir | House |
| 17:44 | Construir | Lumber Camp |
| 17:56 | Construir | Farm |
| 18:01 | Construir | Farm |
| 18:03 | Construir | Farm |
| 18:04 | Investigar | Wheelbarrow |
| 18:04 | Investigar | Wheelbarrow |
| 18:10 | Crear | Scout Cavalry |
| 18:26 | Construir | Farm |
| 18:47 | Construir | Blacksmith |
| 19:16 | Crear | Villager (Male) |
| 19:20 | Construir | Mill |
| 19:37 | Investigar | Scale Barding Armor |
| 19:46 | Construir | Farm |
| 19:49 | Construir | Farm |
| 19:58 | Crear | Villager (Male) |
| 20:19 | Crear | Villager (Male) |
| 20:23 | Construir | Farm |
| 20:41 | Construir | Market |
| 20:54 | Crear | Villager (Male) |
| 21:17 | Crear | Villager (Male) |
| 21:23 | Crear | Scout Cavalry |
| 21:24 | Crear | Spearman |
| 21:58 | Investigar | Castle Age |
| 21:59 | Investigar | Castle Age |
| 22:07 | Investigar | Heavy Plow |
| 22:08 | Investigar | Heavy Plow |
| 22:43 | Construir | Stable |
| 22:54 | Investigar | Bow Saw |
| 23:54 | Crear | Villager (Male) |
| 23:56 | Crear | Villager (Male) |
| 24:47 | Construir | Town Center |
| 24:55 | Investigar | Chain Barding Armor |
| 24:56 | Investigar | Forging |
| 24:58 | Crear | Knight |
| 24:59 | Crear | Knight |
| 24:59 | Investigar | Husbandry |
| 24:59 | Investigar | Husbandry |
| 25:01 | Crear | Knight |
| 25:01 | Crear | Knight |
| 25:01 | Crear | Knight |
| 25:15 | Construir | Town Center |
| 25:24 | Investigar | Town Watch |
| 25:28 | Crear | Knight |
| 25:28 | Crear | Knight |
| 25:47 | Investigar | Two-Man Saw |
| 25:47 | Investigar | Two-Man Saw |
| 26:04 | Crear | Villager (Male) |
| 26:05 | Crear | Villager (Male) |
Build order — pinneda
Primeras 150 de 182 acciones detectadas
| 0:02 | Crear | Villager (Male) |
| 0:02 | Crear | Villager (Male) |
| 0:03 | Construir | House |
| 0:04 | Construir | House |
| 0:41 | Crear | Villager (Male) |
| 0:41 | Crear | Villager (Male) |
| 0:41 | Crear | Villager (Male) |
| 1:46 | Crear | Villager (Male) |
| 1:47 | Crear | Villager (Male) |
| 1:49 | Construir | Lumber Camp |
| 2:11 | Crear | Villager (Male) |
| 2:11 | Crear | Villager (Male) |
| 2:29 | Crear | Villager (Male) |
| 2:41 | Construir | House |
| 2:50 | Crear | Villager (Male) |
| 2:50 | Crear | Villager (Male) |
| 3:06 | Crear | Villager (Male) |
| 3:06 | Crear | Villager (Male) |
| 3:47 | Crear | Villager (Male) |
| 4:10 | Crear | Villager (Male) |
| 4:14 | Crear | Villager (Male) |
| 4:27 | Crear | Villager (Male) |
| 5:15 | Construir | Mining Camp |
| 5:24 | Crear | Villager (Male) |
| 5:50 | Crear | Villager (Male) |
| 6:18 | Crear | Villager (Male) |
| 6:23 | Investigar | Loom |
| 7:10 | Investigar | Feudal Age |
| 7:26 | Construir | House |
| 7:41 | Construir | Palisade Wall |
| 8:03 | Crear | Villager (Male) |
| 8:35 | Crear | Villager (Male) |
| 9:00 | Construir | Barracks |
| 9:09 | Crear | Villager (Male) |
| 9:30 | Crear | Villager (Male) |
| 9:36 | Construir | House |
| 9:39 | Construir | Palisade Wall |
| 9:42 | Crear | Villager (Male) |
| 9:46 | Construir | Barracks |
| 10:02 | Construir | House |
| 10:03 | Construir | Palisade Wall |
| 10:06 | Construir | Palisade Wall |
| 10:09 | Construir | Palisade Wall |
| 10:10 | Construir | Palisade Wall |
| 10:15 | Crear | Villager (Male) |
| 10:25 | Construir | Archery Range |
| 10:32 | Construir | Archery Range |
| 10:36 | Crear | Villager (Male) |
| 11:07 | Construir | Blacksmith |
| 11:13 | Crear | Archer |
| 11:14 | Crear | Archer |
| 11:18 | Crear | Archer |
| 11:37 | Crear | Archer |
| 11:43 | Investigar | Fletching |
| 11:50 | Crear | Archer |
| 11:50 | Crear | Archer |
| 12:16 | Construir | Mill |
| 12:20 | Crear | Archer |
| 12:30 | Crear | Villager (Male) |
| 12:51 | Construir | House |
| 12:58 | Crear | Villager (Male) |
| 13:03 | Construir | Farm |
| 13:04 | Construir | Farm |
| 13:04 | Construir | Farm |
| 13:04 | Construir | Farm |
| 13:18 | Crear | Archer |
| 13:18 | Crear | Archer |
| 13:44 | Crear | Archer |
| 14:02 | Crear | Villager (Male) |
| 14:31 | Crear | Archer |
| 14:34 | Crear | Villager (Male) |
| 14:39 | Construir | House |
| 14:40 | Construir | House |
| 14:48 | Construir | Farm |
| 14:49 | Construir | Farm |
| 14:52 | Crear | Archer |
| 15:11 | Construir | House |
| 15:12 | Construir | House |
| 15:22 | Crear | Villager (Male) |
| 15:25 | Construir | Mill |
| 15:30 | Crear | Archer |
| 15:37 | Crear | Archer |
| 15:38 | Crear | Villager (Male) |
| 15:43 | Investigar | Padded Archer Armor |
| 15:53 | Investigar | Double-Bit Axe |
| 16:07 | Crear | Archer |
| 16:08 | Crear | Archer |
| 16:17 | Crear | Archer |
| 16:37 | Crear | Villager (Male) |
| 16:52 | Construir | Stone Wall |
| 16:54 | Construir | Mining Camp |
| 16:57 | Crear | Archer |
| 16:57 | Crear | Archer |
| 17:00 | Crear | Villager (Male) |
| 17:19 | Construir | Farm |
| 17:20 | Construir | Farm |
| 17:22 | Crear | Archer |
| 17:22 | Crear | Archer |
| 17:24 | Crear | Villager (Male) |
| 17:46 | Crear | Archer |
| 17:46 | Crear | Archer |
| 17:58 | Crear | Archer |
| 18:11 | Crear | Archer |
| 18:12 | Crear | Archer |
| 18:13 | Crear | Villager (Male) |
| 18:37 | Crear | Archer |
| 18:37 | Crear | Archer |
| 18:39 | Crear | Villager (Male) |
| 19:01 | Crear | Archer |
| 19:01 | Crear | Archer |
| 19:04 | Crear | Villager (Male) |
| 19:15 | Crear | Archer |
| 19:17 | Construir | Farm |
| 19:19 | Construir | Farm |
| 19:19 | Crear | Villager (Male) |
| 19:23 | Crear | Villager (Male) |
| 19:30 | Crear | Archer |
| 19:40 | Construir | House |
| 19:42 | Construir | Lumber Camp |
| 19:48 | Construir | House |
| 19:49 | Construir | House |
| 19:52 | Crear | Archer |
| 20:04 | Crear | Archer |
| 20:07 | Crear | Villager (Male) |
| 20:16 | Construir | Archery Range |
| 20:23 | Construir | Farm |
| 20:25 | Construir | Farm |
| 20:27 | Construir | Farm |
| 20:30 | Crear | Archer |
| 20:35 | Investigar | Wheelbarrow |
| 20:44 | Crear | Archer |
| 20:55 | Crear | Archer |
| 20:55 | Crear | Archer |
| 21:08 | Crear | Archer |
| 21:09 | Crear | Archer |
| 21:25 | Crear | Archer |
| 21:29 | Crear | Villager (Male) |
| 21:38 | Crear | Villager (Male) |
| 21:43 | Investigar | Horse Collar |
| 21:47 | Crear | Archer |
| 21:57 | Crear | Archer |
| 21:58 | Crear | Archer |
| 22:12 | Crear | Archer |
| 22:15 | Investigar | Gold Mining |
| 22:20 | Crear | Villager (Male) |
| 22:32 | Crear | Archer |
| 22:38 | Crear | Archer |
| 22:45 | Crear | Villager (Male) |
| 22:56 | Crear | Archer |
| 22:59 | Crear | Villager (Male) |
Build order — DK_Exmerior
Primeras 150 de 228 acciones detectadas
| 0:01 | Crear | Villager (Male) |
| 0:01 | Crear | Villager (Male) |
| 0:01 | Crear | Villager (Male) |
| 0:02 | Crear | Villager (Male) |
| 0:03 | Construir | House |
| 0:04 | Construir | House |
| 1:24 | Crear | Villager (Male) |
| 1:24 | Crear | Villager (Male) |
| 1:57 | Construir | Lumber Camp |
| 2:01 | Crear | Villager (Male) |
| 2:02 | Crear | Villager (Male) |
| 2:26 | Crear | Villager (Male) |
| 2:26 | Crear | Villager (Male) |
| 2:46 | Crear | Villager (Male) |
| 3:07 | Crear | Villager (Male) |
| 3:07 | Crear | Villager (Male) |
| 3:33 | Crear | Villager (Male) |
| 3:33 | Crear | Villager (Male) |
| 3:53 | Construir | House |
| 3:56 | Crear | Villager (Male) |
| 3:56 | Crear | Villager (Male) |
| 4:32 | Crear | Villager (Male) |
| 4:54 | Crear | Villager (Male) |
| 5:10 | Construir | Mining Camp |
| 5:13 | Crear | Villager (Male) |
| 5:29 | Crear | Villager (Male) |
| 5:30 | Investigar | Loom |
| 6:57 | Investigar | Feudal Age |
| 6:57 | Investigar | Feudal Age |
| 7:00 | Construir | Barracks |
| 7:33 | Construir | House |
| 7:56 | Crear | Villager (Male) |
| 9:07 | Edad | Edad Feudal |
| 9:09 | Construir | Archery Range |
| 9:12 | Construir | Archery Range |
| 9:19 | Crear | Villager (Male) |
| 9:34 | Investigar | Double-Bit Axe |
| 9:51 | Construir | House |
| 9:54 | Crear | Villager (Male) |
| 10:09 | Crear | Archer |
| 10:09 | Crear | Archer |
| 10:11 | Crear | Archer |
| 10:19 | Crear | Villager (Male) |
| 10:24 | Construir | House |
| 10:26 | Construir | Palisade Wall |
| 10:34 | Construir | Mill |
| 10:40 | Crear | Archer |
| 10:51 | Crear | Villager (Male) |
| 10:58 | Construir | Blacksmith |
| 11:02 | Construir | House |
| 11:38 | Construir | Farm |
| 11:39 | Construir | Farm |
| 11:41 | Construir | Farm |
| 11:42 | Construir | Farm |
| 12:07 | Crear | Villager (Male) |
| 12:07 | Crear | Villager (Male) |
| 12:08 | Crear | Archer |
| 12:08 | Crear | Archer |
| 12:27 | Crear | Archer |
| 12:27 | Crear | Archer |
| 12:28 | Crear | Villager (Male) |
| 12:33 | Construir | Farm |
| 12:50 | Crear | Archer |
| 12:51 | Crear | Archer |
| 12:52 | Crear | Villager (Male) |
| 13:04 | Crear | Villager (Male) |
| 13:26 | Construir | House |
| 13:28 | Construir | Palisade Wall |
| 13:59 | Crear | Archer |
| 14:00 | Crear | Archer |
| 14:08 | Crear | Villager (Male) |
| 14:08 | Crear | Villager (Male) |
| 14:12 | Construir | House |
| 14:15 | Construir | Palisade Wall |
| 14:16 | Construir | Palisade Wall |
| 14:19 | Construir | Palisade Gate |
| 14:25 | Crear | Archer |
| 14:25 | Crear | Archer |
| 14:41 | Construir | Archery Range |
| 14:44 | Crear | Villager (Male) |
| 14:44 | Crear | Villager (Male) |
| 14:57 | Crear | Archer |
| 14:58 | Crear | Archer |
| 15:13 | Investigar | Fletching |
| 15:20 | Construir | Lumber Camp |
| 15:43 | Construir | House |
| 15:48 | Crear | Archer |
| 15:48 | Crear | Archer |
| 15:49 | Crear | Villager (Male) |
| 16:05 | Crear | Villager (Male) |
| 16:13 | Construir | Market |
| 16:22 | Crear | Archer |
| 16:23 | Crear | Archer |
| 16:29 | Crear | Villager (Male) |
| 16:29 | Crear | Villager (Male) |
| 16:41 | Construir | House |
| 16:44 | Construir | Farm |
| 17:02 | Crear | Archer |
| 17:02 | Crear | Archer |
| 17:06 | Construir | House |
| 17:11 | Crear | Archer |
| 17:11 | Crear | Archer |
| 17:21 | Construir | Farm |
| 17:22 | Construir | Farm |
| 17:23 | Crear | Villager (Male) |
| 17:55 | Crear | Archer |
| 17:55 | Crear | Archer |
| 18:23 | Crear | Archer |
| 18:24 | Crear | Archer |
| 18:24 | Crear | Villager (Male) |
| 18:24 | Crear | Villager (Male) |
| 18:42 | Crear | Archer |
| 18:43 | Crear | Archer |
| 18:43 | Crear | Villager (Male) |
| 19:02 | Crear | Archer |
| 19:02 | Crear | Archer |
| 19:13 | Crear | Archer |
| 19:13 | Crear | Archer |
| 19:14 | Crear | Villager (Male) |
| 19:14 | Crear | Villager (Male) |
| 19:19 | Crear | Villager (Male) |
| 19:22 | Construir | Farm |
| 19:23 | Construir | Farm |
| 19:25 | Construir | Farm |
| 19:26 | Construir | Farm |
| 19:29 | Construir | Farm |
| 19:48 | Construir | Farm |
| 19:50 | Construir | Farm |
| 19:53 | Construir | Farm |
| 20:32 | Construir | Farm |
| 20:37 | Crear | Archer |
| 20:44 | Construir | House |
| 20:50 | Construir | House |
| 20:58 | Investigar | Castle Age |
| 20:59 | Investigar | Castle Age |
| 21:25 | Crear | Archer |
| 21:25 | Crear | Archer |
| 21:30 | Crear | Archer |
| 21:30 | Crear | Archer |
| 21:40 | Construir | House |
| 21:41 | Construir | House |
| 21:42 | Construir | House |
| 22:01 | Construir | House |
| 22:08 | Investigar | Gold Mining |
| 22:21 | Investigar | Padded Archer Armor |
| 22:37 | Crear | Archer |
| 22:38 | Crear | Archer |
| 22:38 | Crear | Archer |
| 22:55 | Crear | Archer |
| 22:56 | Crear | Archer |
Build order — LiZArD
Primeras 150 de 247 acciones detectadas
| 0:02 | Crear | Villager (Male) |
| 0:02 | Crear | Villager (Male) |
| 0:02 | Crear | Villager (Male) |
| 0:02 | Crear | Villager (Male) |
| 0:03 | Crear | Villager (Male) |
| 0:04 | Construir | House |
| 0:05 | Construir | House |
| 0:08 | Crear | Villager (Male) |
| 1:31 | Crear | Villager (Male) |
| 1:51 | Construir | Lumber Camp |
| 2:11 | Crear | Villager (Male) |
| 2:12 | Crear | Villager (Male) |
| 2:17 | Crear | Villager (Male) |
| 2:49 | Crear | Villager (Male) |
| 3:06 | Crear | Villager (Male) |
| 3:21 | Construir | House |
| 4:05 | Crear | Villager (Male) |
| 4:06 | Crear | Villager (Male) |
| 4:20 | Crear | Villager (Male) |
| 4:24 | Construir | Mill |
| 5:10 | Crear | Villager (Male) |
| 5:28 | Crear | Villager (Male) |
| 5:41 | Investigar | Loom |
| 7:03 | Investigar | Feudal Age |
| 7:04 | Investigar | Feudal Age |
| 7:22 | Construir | Lumber Camp |
| 7:49 | Construir | Barracks |
| 8:02 | Crear | Villager (Male) |
| 8:15 | Construir | House |
| 8:40 | Crear | Villager (Male) |
| 8:54 | Construir | House |
| 9:17 | Edad | Edad Feudal |
| 9:20 | Construir | Stable |
| 9:28 | Investigar | Double-Bit Axe |
| 9:28 | Investigar | Double-Bit Axe |
| 9:28 | Investigar | Horse Collar |
| 9:57 | Crear | Villager (Male) |
| 10:05 | Construir | Mill |
| 10:13 | Crear | Scout Cavalry |
| 10:17 | Construir | Palisade Gate |
| 10:30 | Crear | Villager (Male) |
| 10:39 | Crear | Scout Cavalry |
| 10:43 | Construir | House |
| 10:49 | Crear | Scout Cavalry |
| 10:52 | Crear | Villager (Male) |
| 10:53 | Construir | Farm |
| 10:55 | Construir | Farm |
| 11:00 | Construir | Farm |
| 11:12 | Construir | Farm |
| 11:19 | Construir | Palisade Wall |
| 11:27 | Crear | Scout Cavalry |
| 11:30 | Crear | Villager (Male) |
| 11:42 | Construir | Farm |
| 11:46 | Construir | Farm |
| 12:00 | Crear | Villager (Male) |
| 12:19 | Crear | Scout Cavalry |
| 12:25 | Construir | Farm |
| 12:26 | Construir | Farm |
| 12:33 | Crear | Villager (Male) |
| 12:36 | Construir | House |
| 12:37 | Construir | Palisade Wall |
| 12:39 | Construir | House |
| 12:55 | Construir | Farm |
| 12:56 | Construir | Farm |
| 13:00 | Crear | Villager (Male) |
| 13:01 | Crear | Villager (Male) |
| 13:23 | Construir | Mining Camp |
| 13:27 | Crear | Villager (Male) |
| 13:46 | Crear | Villager (Male) |
| 13:47 | Crear | Scout Cavalry |
| 14:03 | Construir | Market |
| 14:04 | Construir | Palisade Wall |
| 14:09 | Crear | Scout Cavalry |
| 14:29 | Crear | Villager (Male) |
| 14:43 | Crear | Scout Cavalry |
| 14:47 | Construir | Blacksmith |
| 15:05 | Construir | Farm |
| 15:07 | Crear | Villager (Male) |
| 15:09 | Construir | Farm |
| 15:16 | Construir | House |
| 15:19 | Construir | Palisade Wall |
| 15:25 | Investigar | Forging |
| 15:28 | Investigar | Scale Barding Armor |
| 15:28 | Investigar | Scale Barding Armor |
| 15:36 | Crear | Villager (Male) |
| 15:38 | Construir | Farm |
| 15:40 | Crear | Villager (Male) |
| 15:50 | Construir | Palisade Wall |
| 15:51 | Construir | House |
| 16:17 | Investigar | Bloodlines |
| 16:29 | Crear | Villager (Male) |
| 16:35 | Construir | Farm |
| 16:36 | Construir | Farm |
| 17:05 | Crear | Scout Cavalry |
| 17:05 | Crear | Scout Cavalry |
| 17:08 | Crear | Villager (Male) |
| 17:13 | Construir | Farm |
| 17:19 | Crear | Villager (Male) |
| 17:24 | Construir | House |
| 17:33 | Crear | Villager (Male) |
| 17:47 | Crear | Villager (Male) |
| 18:00 | Crear | Scout Cavalry |
| 18:21 | Construir | House |
| 18:22 | Construir | House |
| 18:42 | Construir | Farm |
| 19:00 | Investigar | Castle Age |
| 19:06 | Construir | Stable |
| 19:31 | Construir | House |
| 19:32 | Construir | House |
| 20:02 | Investigar | Gold Mining |
| 20:43 | Construir | House |
| 20:45 | Construir | House |
| 20:46 | Construir | House |
| 20:59 | Construir | House |
| 21:06 | Crear | Villager (Male) |
| 21:40 | Edad | Edad de los Castillos |
| 21:47 | Construir | Town Center |
| 21:49 | Crear | Knight |
| 21:50 | Crear | Knight |
| 21:52 | Investigar | Bow Saw |
| 21:53 | Investigar | Heavy Plow |
| 21:54 | Crear | Villager (Male) |
| 21:56 | Construir | Palisade Wall |
| 21:58 | Construir | Palisade Wall |
| 22:03 | Construir | Palisade Wall |
| 22:05 | Construir | Palisade Wall |
| 22:13 | Crear | Knight |
| 22:13 | Crear | Knight |
| 22:14 | Crear | Villager (Male) |
| 22:20 | Construir | Palisade Wall |
| 22:21 | Construir | Palisade Wall |
| 22:27 | Construir | House |
| 22:28 | Construir | House |
| 22:31 | Crear | Villager (Male) |
| 22:50 | Crear | Villager (Male) |
| 22:50 | Crear | Villager (Male) |
| 22:51 | Crear | Knight |
| 22:51 | Crear | Knight |
| 23:02 | Investigar | Chain Barding Armor |
| 23:09 | Crear | Villager (Male) |
| 23:13 | Construir | House |
| 23:34 | Construir | Town Center |
| 23:39 | Crear | Knight |
| 23:41 | Crear | Villager (Male) |
| 23:44 | Crear | Villager (Male) |
| 23:44 | Crear | Villager (Male) |
| 23:47 | Construir | House |
| 23:48 | Construir | House |
| 23:54 | Crear | Villager (Male) |
| 23:54 | Crear | Villager (Male) |
Build order — DK_Dani
Primeras 150 de 235 acciones detectadas
| 0:01 | Crear | Villager (Male) |
| 0:01 | Crear | Villager (Male) |
| 0:01 | Crear | Villager (Male) |
| 0:02 | Crear | Villager (Male) |
| 0:03 | Construir | House |
| 0:04 | Construir | House |
| 1:33 | Crear | Villager (Male) |
| 1:33 | Crear | Villager (Male) |
| 1:53 | Construir | Settlement |
| 2:02 | Construir | Settlement |
| 2:05 | Crear | Villager (Male) |
| 2:06 | Crear | Villager (Male) |
| 2:18 | Crear | Villager (Male) |
| 2:18 | Crear | Villager (Male) |
| 2:56 | Crear | Villager (Male) |
| 2:57 | Crear | Villager (Male) |
| 3:05 | Crear | Villager (Male) |
| 3:41 | Crear | Villager (Male) |
| 4:08 | Crear | Villager (Male) |
| 4:08 | Crear | Villager (Male) |
| 4:22 | Crear | Villager (Male) |
| 4:42 | Crear | Villager (Male) |
| 4:42 | Crear | Villager (Male) |
| 5:00 | Crear | Villager (Male) |
| 5:00 | Crear | Villager (Male) |
| 5:24 | Construir | Barracks |
| 5:48 | Crear | Villager (Male) |
| 5:48 | Crear | Villager (Male) |
| 6:11 | Investigar | Loom |
| 7:11 | Investigar | Feudal Age |
| 7:19 | Construir | Settlement |
| 7:23 | Construir | Settlement |
| 7:38 | Crear | Unit 2550 |
| 7:48 | Crear | Unit 2550 |
| 8:08 | Crear | Villager (Male) |
| 8:36 | Crear | Unit 2550 |
| 9:21 | Edad | Edad Feudal |
| 9:44 | Investigar | Tech 1402 |
| 9:46 | Crear | Villager (Male) |
| 10:19 | Crear | Villager (Male) |
| 10:23 | Investigar | Double-Bit Axe |
| 10:25 | Investigar | Horse Collar |
| 10:46 | Crear | Villager (Male) |
| 10:57 | Construir | Farm |
| 10:57 | Construir | Farm |
| 10:58 | Construir | Farm |
| 10:58 | Construir | Farm |
| 10:58 | Construir | Farm |
| 10:58 | Construir | Farm |
| 10:59 | Construir | Farm |
| 10:59 | Construir | Farm |
| 11:01 | Crear | Villager (Male) |
| 11:04 | Crear | Unit 2550 |
| 11:25 | Crear | Unit 2550 |
| 11:39 | Construir | Farm |
| 11:43 | Construir | Farm |
| 11:56 | Crear | Unit 2550 |
| 12:18 | Crear | Villager (Male) |
| 12:18 | Crear | Unit 2550 |
| 12:43 | Crear | Unit 2550 |
| 12:44 | Crear | Villager (Male) |
| 13:02 | Construir | Barracks |
| 13:07 | Construir | Palisade Gate |
| 13:08 | Construir | Palisade Wall |
| 13:13 | Crear | Unit 2550 |
| 13:15 | Crear | Villager (Male) |
| 13:23 | Construir | Palisade Wall |
| 13:24 | Construir | Palisade Wall |
| 13:31 | Construir | Palisade Wall |
| 13:35 | Crear | Villager (Male) |
| 13:46 | Crear | Unit 2550 |
| 13:58 | Crear | Villager (Male) |
| 14:05 | Construir | Palisade Wall |
| 14:10 | Crear | Unit 2550 |
| 14:19 | Crear | Unit 2550 |
| 14:24 | Construir | Farm |
| 14:25 | Crear | Villager (Male) |
| 14:41 | Construir | Farm |
| 14:51 | Crear | Unit 2550 |
| 14:52 | Crear | Villager (Male) |
| 14:52 | Crear | Villager (Male) |
| 15:08 | Construir | Blacksmith |
| 15:12 | Construir | Farm |
| 15:20 | Crear | Unit 2550 |
| 15:20 | Crear | Unit 2550 |
| 15:23 | Construir | House |
| 15:33 | Crear | Villager (Male) |
| 15:48 | Crear | Unit 2550 |
| 15:56 | Construir | Farm |
| 15:58 | Construir | Farm |
| 16:12 | Crear | Villager (Male) |
| 16:17 | Construir | House |
| 16:23 | Investigar | Scale Mail Armor |
| 16:23 | Investigar | Scale Mail Armor |
| 16:44 | Construir | Farm |
| 16:47 | Construir | Farm |
| 16:48 | Construir | Farm |
| 16:52 | Crear | Villager (Male) |
| 16:55 | Crear | Unit 2550 |
| 16:58 | Crear | Unit 2550 |
| 17:04 | Construir | Farm |
| 17:07 | Construir | House |
| 17:19 | Crear | Villager (Male) |
| 17:25 | Construir | House |
| 17:33 | Crear | Unit 2550 |
| 17:33 | Crear | Unit 2550 |
| 17:46 | Crear | Unit 2550 |
| 17:46 | Crear | Unit 2550 |
| 18:01 | Crear | Unit 2550 |
| 18:16 | Crear | Unit 2550 |
| 18:16 | Crear | Unit 2550 |
| 18:17 | Crear | Villager (Male) |
| 18:25 | Construir | Farm |
| 18:27 | Construir | Farm |
| 18:28 | Construir | Farm |
| 18:30 | Construir | Farm |
| 18:36 | Crear | Villager (Male) |
| 19:04 | Crear | Villager (Male) |
| 19:05 | Crear | Unit 2550 |
| 19:20 | Construir | Market |
| 19:26 | Crear | Villager (Male) |
| 19:27 | Crear | Unit 2550 |
| 19:27 | Crear | Unit 2550 |
| 19:31 | Investigar | Wheelbarrow |
| 19:31 | Investigar | Wheelbarrow |
| 19:40 | Construir | Farm |
| 20:06 | Crear | Unit 2550 |
| 20:07 | Crear | Unit 2550 |
| 20:31 | Construir | Farm |
| 20:37 | Construir | Farm |
| 21:12 | Investigar | Castle Age |
| 21:49 | Crear | Unit 2550 |
| 21:49 | Crear | Unit 2550 |
| 22:09 | Construir | Barracks |
| 22:19 | Crear | Unit 2550 |
| 22:19 | Crear | Unit 2550 |
| 22:19 | Crear | Unit 2550 |
| 22:21 | Crear | Villager (Male) |
| 22:26 | Investigar | Forging |
| 22:36 | Crear | Unit 2550 |
| 22:56 | Crear | Unit 2550 |
| 23:02 | Crear | Unit 2550 |
| 23:03 | Crear | Unit 2550 |
| 23:03 | Crear | Unit 2550 |
| 23:14 | Investigar | Gold Mining |
| 23:52 | Edad | Edad de los Castillos |
| 23:56 | Investigar | Tech 1351 |
| 23:56 | Investigar | Squires |
| 24:07 | Investigar | Chain Mail Armor |
| 24:09 | Construir | Farm |
Build order — Reluctance
Primeras 150 de 349 acciones detectadas
| 0:00 | Crear | Villager (Male) |
| 0:00 | Crear | Villager (Male) |
| 0:01 | Crear | Villager (Male) |
| 0:08 | Crear | Villager (Male) |
| 0:09 | Crear | Villager (Male) |
| 1:18 | Crear | Villager (Male) |
| 1:46 | Crear | Villager (Male) |
| 1:46 | Crear | Villager (Male) |
| 1:51 | Construir | Lumber Camp |
| 2:02 | Crear | Villager (Male) |
| 2:02 | Crear | Villager (Male) |
| 2:31 | Crear | Villager (Male) |
| 2:31 | Crear | Villager (Male) |
| 2:44 | Crear | Villager (Male) |
| 2:44 | Crear | Villager (Male) |
| 3:44 | Crear | Villager (Male) |
| 3:44 | Crear | Villager (Male) |
| 3:56 | Crear | Villager (Male) |
| 3:56 | Crear | Villager (Male) |
| 4:14 | Crear | Villager (Male) |
| 4:14 | Crear | Villager (Male) |
| 4:21 | Construir | Palisade Wall |
| 5:11 | Crear | Villager (Male) |
| 5:11 | Crear | Villager (Male) |
| 5:14 | Investigar | Loom |
| 5:14 | Investigar | Loom |
| 5:18 | Crear | Villager (Male) |
| 5:18 | Crear | Villager (Male) |
| 5:18 | Crear | Villager (Male) |
| 5:32 | Construir | Mill |
| 5:38 | Crear | Villager (Male) |
| 5:39 | Crear | Villager (Male) |
| 5:39 | Crear | Villager (Male) |
| 7:13 | Investigar | Feudal Age |
| 7:13 | Investigar | Feudal Age |
| 7:13 | Investigar | Feudal Age |
| 7:22 | Construir | Mining Camp |
| 7:58 | Crear | Villager (Male) |
| 7:58 | Crear | Villager (Male) |
| 8:51 | Construir | Barracks |
| 9:23 | Edad | Edad Feudal |
| 9:28 | Crear | Villager (Male) |
| 9:35 | Construir | Archery Range |
| 9:52 | Crear | Villager (Male) |
| 10:26 | Construir | Archery Range |
| 10:28 | Crear | Villager (Male) |
| 10:28 | Crear | Villager (Male) |
| 10:41 | Crear | Archer |
| 10:41 | Crear | Archer |
| 10:41 | Crear | Archer |
| 10:43 | Crear | Villager (Male) |
| 10:44 | Crear | Villager (Male) |
| 10:44 | Crear | Villager (Male) |
| 10:50 | Construir | Palisade Wall |
| 10:51 | Crear | Villager (Male) |
| 10:51 | Crear | Villager (Male) |
| 10:52 | Crear | Villager (Male) |
| 10:57 | Construir | Palisade Wall |
| 11:00 | Investigar | Town Watch |
| 11:01 | Investigar | Town Watch |
| 11:02 | Crear | Villager (Male) |
| 11:02 | Crear | Villager (Male) |
| 11:02 | Crear | Villager (Male) |
| 11:03 | Crear | Villager (Male) |
| 11:10 | Crear | Archer |
| 11:10 | Crear | Archer |
| 11:21 | Crear | Archer |
| 11:21 | Crear | Archer |
| 11:21 | Crear | Archer |
| 11:29 | Construir | Palisade Wall |
| 11:31 | Construir | Palisade Wall |
| 11:32 | Construir | Palisade Wall |
| 11:33 | Construir | Palisade Wall |
| 11:34 | Construir | Palisade Wall |
| 11:36 | Crear | Villager (Male) |
| 11:44 | Investigar | Double-Bit Axe |
| 11:45 | Investigar | Double-Bit Axe |
| 11:46 | Crear | Archer |
| 11:46 | Crear | Archer |
| 11:46 | Crear | Archer |
| 12:06 | Construir | Palisade Wall |
| 12:07 | Crear | Archer |
| 12:07 | Crear | Archer |
| 12:07 | Crear | Archer |
| 12:19 | Construir | Blacksmith |
| 12:26 | Construir | Palisade Wall |
| 12:29 | Crear | Archer |
| 12:29 | Crear | Archer |
| 12:29 | Crear | Archer |
| 12:37 | Construir | Palisade Gate |
| 12:45 | Construir | Palisade Gate |
| 13:24 | Crear | Archer |
| 13:24 | Crear | Archer |
| 13:24 | Crear | Archer |
| 13:29 | Crear | Villager (Male) |
| 13:29 | Crear | Villager (Male) |
| 13:31 | Construir | Farm |
| 13:43 | Crear | Archer |
| 13:43 | Crear | Archer |
| 13:43 | Crear | Archer |
| 13:49 | Construir | Palisade Wall |
| 13:53 | Construir | Farm |
| 13:54 | Construir | Farm |
| 13:55 | Construir | Farm |
| 13:56 | Construir | Farm |
| 14:05 | Crear | Archer |
| 14:06 | Crear | Archer |
| 14:30 | Crear | Archer |
| 14:31 | Crear | Archer |
| 14:31 | Crear | Archer |
| 15:13 | Investigar | Fletching |
| 15:13 | Investigar | Fletching |
| 15:13 | Investigar | Fletching |
| 15:23 | Construir | Palisade Wall |
| 15:23 | Construir | Palisade Wall |
| 15:24 | Construir | Palisade Wall |
| 15:25 | Crear | Archer |
| 15:25 | Crear | Archer |
| 15:28 | Construir | Palisade Wall |
| 15:35 | Crear | Villager (Male) |
| 15:40 | Construir | Farm |
| 15:40 | Construir | Farm |
| 15:55 | Crear | Villager (Male) |
| 15:55 | Crear | Villager (Male) |
| 15:55 | Crear | Villager (Male) |
| 15:59 | Construir | Palisade Wall |
| 16:01 | Crear | Archer |
| 16:01 | Crear | Archer |
| 16:02 | Crear | Archer |
| 16:21 | Construir | Farm |
| 16:22 | Crear | Archer |
| 16:22 | Crear | Archer |
| 16:35 | Crear | Villager (Male) |
| 16:35 | Crear | Villager (Male) |
| 16:45 | Crear | Villager (Male) |
| 16:45 | Crear | Villager (Male) |
| 16:49 | Investigar | Padded Archer Armor |
| 16:50 | Investigar | Padded Archer Armor |
| 16:52 | Crear | Archer |
| 16:52 | Crear | Archer |
| 17:21 | Crear | Archer |
| 17:22 | Crear | Archer |
| 17:22 | Crear | Archer |
| 17:41 | Crear | Villager (Male) |
| 17:41 | Crear | Villager (Male) |
| 17:42 | Crear | Archer |
| 17:43 | Crear | Archer |
| 17:47 | Crear | Villager (Male) |
| 17:47 | Crear | Villager (Male) |
| 17:48 | Construir | Farm |
Build order — DK_Odysseo
Primeras 150 de 234 acciones detectadas
| 0:01 | Crear | Villager (Male) |
| 0:01 | Crear | Villager (Male) |
| 0:02 | Construir | House |
| 0:03 | Construir | House |
| 0:03 | Crear | Villager (Male) |
| 0:03 | Crear | Villager (Male) |
| 1:23 | Crear | Villager (Male) |
| 1:48 | Construir | Lumber Camp |
| 1:59 | Crear | Villager (Male) |
| 1:59 | Crear | Villager (Male) |
| 2:18 | Crear | Villager (Male) |
| 2:41 | Crear | Villager (Male) |
| 2:41 | Crear | Villager (Male) |
| 3:06 | Crear | Villager (Male) |
| 3:43 | Construir | House |
| 3:46 | Crear | Villager (Male) |
| 3:46 | Crear | Villager (Male) |
| 3:47 | Crear | Villager (Male) |
| 4:25 | Crear | Villager (Male) |
| 4:25 | Crear | Villager (Male) |
| 5:28 | Crear | Villager (Male) |
| 5:33 | Crear | Villager (Male) |
| 5:51 | Construir | Mining Camp |
| 6:00 | Investigar | Loom |
| 6:33 | Investigar | Feudal Age |
| 6:33 | Investigar | Feudal Age |
| 7:39 | Construir | Barracks |
| 7:41 | Construir | House |
| 7:43 | Construir | House |
| 8:33 | Crear | Villager (Male) |
| 8:45 | Construir | Palisade Wall |
| 8:53 | Edad | Edad Feudal |
| 8:55 | Construir | Archery Range |
| 9:02 | Construir | Archery Range |
| 9:05 | Crear | Villager (Male) |
| 9:27 | Investigar | Double-Bit Axe |
| 9:27 | Investigar | Double-Bit Axe |
| 9:48 | Crear | Archer |
| 10:04 | Crear | Archer |
| 10:04 | Crear | Archer |
| 10:09 | Crear | Villager (Male) |
| 10:15 | Construir | Mill |
| 10:23 | Crear | Archer |
| 10:24 | Crear | Archer |
| 10:35 | Construir | Palisade Wall |
| 10:39 | Construir | Palisade Wall |
| 10:40 | Crear | Villager (Male) |
| 10:46 | Crear | Archer |
| 10:51 | Crear | Villager (Male) |
| 11:01 | Construir | Farm |
| 11:03 | Crear | Archer |
| 11:04 | Crear | Archer |
| 11:23 | Construir | House |
| 11:27 | Construir | Palisade Wall |
| 11:27 | Construir | Palisade Wall |
| 11:28 | Construir | Palisade Wall |
| 11:31 | Crear | Archer |
| 11:31 | Crear | Archer |
| 11:36 | Crear | Villager (Male) |
| 11:36 | Crear | Villager (Male) |
| 11:42 | Construir | Farm |
| 11:54 | Crear | Archer |
| 11:55 | Crear | Archer |
| 12:02 | Crear | Villager (Male) |
| 12:03 | Crear | Villager (Male) |
| 12:08 | Construir | Farm |
| 12:26 | Crear | Villager (Male) |
| 12:29 | Crear | Archer |
| 12:30 | Crear | Archer |
| 12:30 | Crear | Archer |
| 13:00 | Crear | Archer |
| 13:01 | Crear | Archer |
| 13:01 | Crear | Villager (Male) |
| 13:02 | Crear | Villager (Male) |
| 13:05 | Construir | House |
| 13:12 | Crear | Villager (Male) |
| 13:19 | Construir | Farm |
| 13:28 | Crear | Archer |
| 13:28 | Crear | Archer |
| 13:50 | Crear | Villager (Male) |
| 14:02 | Crear | Villager (Male) |
| 14:06 | Construir | Blacksmith |
| 14:08 | Crear | Villager (Male) |
| 14:08 | Crear | Villager (Male) |
| 14:25 | Crear | Archer |
| 14:25 | Crear | Archer |
| 14:25 | Crear | Archer |
| 14:26 | Crear | Archer |
| 14:34 | Construir | House |
| 14:47 | Investigar | Fletching |
| 14:47 | Investigar | Fletching |
| 14:58 | Crear | Archer |
| 14:58 | Crear | Archer |
| 15:05 | Construir | Farm |
| 15:10 | Construir | House |
| 15:13 | Crear | Archer |
| 15:14 | Crear | Archer |
| 15:27 | Construir | Watch Tower |
| 15:40 | Construir | House |
| 15:40 | Construir | House |
| 15:45 | Crear | Villager (Male) |
| 16:09 | Crear | Archer |
| 16:09 | Crear | Archer |
| 16:10 | Crear | Villager (Male) |
| 16:17 | Construir | Farm |
| 16:18 | Construir | Farm |
| 16:29 | Crear | Villager (Male) |
| 17:17 | Crear | Archer |
| 17:17 | Crear | Archer |
| 17:41 | Construir | Farm |
| 17:41 | Construir | Farm |
| 17:41 | Construir | Farm |
| 17:41 | Construir | Farm |
| 17:42 | Construir | Farm |
| 17:42 | Construir | Farm |
| 17:43 | Crear | Villager (Male) |
| 17:43 | Crear | Villager (Male) |
| 17:43 | Crear | Villager (Male) |
| 17:45 | Crear | Archer |
| 17:45 | Crear | Archer |
| 17:45 | Crear | Archer |
| 18:07 | Construir | Lumber Camp |
| 18:23 | Construir | Farm |
| 18:23 | Crear | Villager (Male) |
| 18:45 | Construir | Farm |
| 18:48 | Construir | Farm |
| 18:58 | Construir | Palisade Wall |
| 19:25 | Crear | Villager (Male) |
| 19:26 | Construir | Market |
| 19:48 | Construir | Farm |
| 20:05 | Investigar | Castle Age |
| 20:05 | Investigar | Castle Age |
| 20:16 | Construir | House |
| 20:18 | Construir | Palisade Wall |
| 20:37 | Construir | House |
| 20:40 | Construir | House |
| 20:41 | Construir | House |
| 20:45 | Construir | Palisade Gate |
| 20:48 | Construir | House |
| 21:03 | Construir | Market |
| 21:42 | Construir | Farm |
| 21:50 | Investigar | Gold Mining |
| 21:50 | Investigar | Gold Mining |
| 22:02 | Investigar | Horse Collar |
| 22:26 | Crear | Villager (Male) |
| 22:30 | Investigar | Padded Archer Armor |
| 22:45 | Edad | Edad de los Castillos |
| 22:47 | Investigar | Bodkin Arrow |
| 22:48 | Investigar | Bodkin Arrow |
| 22:49 | Crear | Cavalry Archer ×2 |
Cronología de la partida
| 4:21 | Reluctance · wall_segment Palisade Wall x1 |
| 5:24 | DK_Dani · first_building Barracks |
| 7:00 | DK_Exmerior · first_building Barracks |
| 7:39 | DK_Odysseo · first_building Barracks |
| 7:41 | pinneda · wall_segment Palisade Wall x11 |
| 7:42 | sebas0995932 · first_building Barracks |
| 7:49 | LiZArD · first_building Barracks |
| 8:34 | sebas0995932 · first_building Stable |
| 8:45 | DK_Odysseo · wall_segment Palisade Wall x13 |
| 8:50 | ReyO · first_building Barracks |
| 8:51 | Reluctance · first_building Barracks |
| 8:53 | DK_Odysseo · age_up feudal |
| 8:55 | DK_Odysseo · first_building Archery Range |
| 9:00 | pinneda · first_building Barracks |
| 9:07 | DK_Exmerior · age_up feudal |
| 9:09 | DK_Exmerior · first_building Archery Range |
| 9:17 | LiZArD · age_up feudal |
| 9:20 | LiZArD · first_building Stable |
| 9:21 | DK_Dani · age_up feudal |
| 9:23 | Reluctance · age_up feudal |
| 9:28 | ReyO · age_up feudal |
| 9:35 | Reluctance · first_building Archery Range |
| 9:39 | pinneda · wall_segment Palisade Wall x1 |
| 9:46 | ReyO · first_building Stable |
| 9:50 | ReyO · wall_segment Palisade Wall x1 |
| 9:52 | ReyO · wall_segment Palisade Wall x3 |
| 9:54 | sebas0995932 · wall_segment Palisade Wall x15 |
| 10:00 | sebas0995932 · wall_segment Palisade Wall x7 |
| 10:03 | pinneda · wall_segment Palisade Wall x1 |
| 10:06 | pinneda · wall_segment Palisade Wall x1 |
| 10:09 | pinneda · wall_segment Palisade Wall x1 |
| 10:10 | pinneda · wall_segment Palisade Wall x1 |
| 10:25 | pinneda · first_building Archery Range |
| 10:26 | DK_Exmerior · wall_segment Palisade Wall x7 |
| 10:35 | DK_Odysseo · wall_segment Palisade Wall x2 |
| 10:39 | DK_Odysseo · wall_segment Palisade Wall x6 |
| 10:50 | Reluctance · wall_segment Palisade Wall x3 |
| 10:57 | Reluctance · wall_segment Palisade Wall x6 |
| 11:19 | LiZArD · wall_segment Palisade Wall x6 |
| 11:27 | DK_Odysseo · wall_segment Palisade Wall x1 |
| 11:27 | DK_Odysseo · wall_segment Palisade Wall x1 |
| 11:28 | DK_Odysseo · wall_segment Palisade Wall x1 |
| 11:29 | Reluctance · wall_segment Palisade Wall x1 |
| 11:31 | Reluctance · wall_segment Palisade Wall x1 |
| 11:32 | Reluctance · wall_segment Palisade Wall x9 |
| 11:33 | Reluctance · wall_segment Palisade Wall x1 |
| 11:34 | Reluctance · wall_segment Palisade Wall x1 |
| 12:06 | Reluctance · wall_segment Palisade Wall x1 |
| 12:26 | Reluctance · wall_segment Palisade Wall x3 |
| 12:37 | LiZArD · wall_segment Palisade Wall x2 |
| 12:58 | ReyO · wall_segment Palisade Wall x2 |
| 13:08 | DK_Dani · wall_segment Palisade Wall x6 |
| 13:23 | DK_Dani · wall_segment Palisade Wall x9 |
| 13:24 | DK_Dani · wall_segment Palisade Wall x6 |
| 13:25 | ReyO · wall_segment Palisade Wall x1 |
| 13:26 | ReyO · wall_segment Palisade Wall x1 |
| 13:28 | DK_Exmerior · wall_segment Palisade Wall x9 |
| 13:30 | ReyO · wall_segment Palisade Wall x1 |
| 13:31 | DK_Dani · wall_segment Palisade Wall x20 |
| 13:45 | ReyO · wall_segment Palisade Wall x1 |
| 13:49 | Reluctance · wall_segment Palisade Wall x8 |
| 13:55 | ReyO · wall_segment Palisade Wall x1 |
| 13:58 | ReyO · wall_segment Palisade Wall x1 |
| 14:00 | ReyO · wall_segment Palisade Wall x1 |
| 14:02 | ReyO · wall_segment Palisade Wall x1 |
| 14:04 | LiZArD · wall_segment Palisade Wall x1 |
| 14:05 | DK_Dani · wall_segment Palisade Wall x10 |
| 14:15 | DK_Exmerior · wall_segment Palisade Wall x6 |
| 14:16 | DK_Exmerior · wall_segment Palisade Wall x1 |
| 14:17 | ReyO · wall_segment Palisade Wall x1 |
| 14:21 | ReyO · wall_segment Palisade Wall x1 |
| 15:19 | LiZArD · wall_segment Palisade Wall x13 |
| 15:23 | Reluctance · wall_segment Palisade Wall x9 |
| 15:23 | Reluctance · wall_segment Palisade Wall x1 |
| 15:24 | Reluctance · wall_segment Palisade Wall x1 |
| 15:28 | Reluctance · wall_segment Palisade Wall x9 |
| 15:50 | LiZArD · wall_segment Palisade Wall x14 |
| 15:59 | Reluctance · wall_segment Palisade Wall x1 |
| 16:52 | pinneda · wall_segment Stone Wall x8 |
| 18:01 | Reluctance · wall_segment Palisade Wall x1 |
| 18:02 | Reluctance · wall_segment Palisade Wall x1 |
| 18:28 | LiZArD · first_market_sell 100 wood |
| 18:32 | LiZArD · first_market_buy 100 food |
| 18:38 | ReyO · wall_segment Palisade Wall x1 |
| 18:58 | DK_Odysseo · wall_segment Palisade Wall x3 |
| 19:01 | ReyO · wall_segment Palisade Wall x1 |
| 19:57 | ReyO · wall_segment Palisade Wall x4 |
| 19:59 | ReyO · wall_segment Palisade Wall x8 |
| 20:18 | DK_Odysseo · wall_segment Palisade Wall x4 |
| 20:27 | ReyO · wall_segment Palisade Wall x1 |
| 20:57 | DK_Dani · first_market_sell 100 wood |
| 21:00 | DK_Dani · first_market_buy 100 food |
| 21:40 | LiZArD · age_up castle |
| 21:44 | sebas0995932 · first_market_buy 100 food |
| 21:44 | Reluctance · first_market_sell 100 wood |
| 21:56 | LiZArD · wall_segment Palisade Wall x1 |
| 21:58 | LiZArD · wall_segment Palisade Wall x1 |
| 21:59 | ReyO · age_up castle |
| 22:03 | LiZArD · wall_segment Palisade Wall x1 |
| 22:05 | LiZArD · wall_segment Palisade Wall x1 |
| 22:20 | LiZArD · wall_segment Palisade Wall x1 |
| 22:21 | LiZArD · wall_segment Palisade Wall x1 |
| 22:45 | DK_Odysseo · age_up castle |
| 23:24 | DK_Odysseo · first_market_buy 100 food |
| 23:34 | DK_Exmerior · first_building Stable |
| 23:38 | DK_Exmerior · age_up castle |
| 23:50 | DK_Odysseo · first_building Stable |
| 23:52 | DK_Dani · age_up castle |
| 23:52 | ReyO · first_market_buy 100 stone |
| 24:27 | Reluctance · age_up castle |
| 24:58 | ReyO · first_building Monastery |
| 25:23 | sebas0995932 · first_market_sell 100 food |
| 25:34 | DK_Odysseo · first_market_sell 100 food |
| 25:36 | Reluctance · wall_segment Palisade Wall x2 |
| 26:21 | ReyO · first_market_sell 100 stone |
| 28:22 | DK_Odysseo · first_building Siege Workshop |
| 28:42 | Reluctance · wall_segment Stone Wall x1 |
| 28:45 | Reluctance · wall_segment Stone Wall x1 |
| 28:58 | pinneda · first_building Castle |
| 28:59 | Reluctance · wall_segment Stone Wall x1 |
| 30:49 | LiZArD · resign |
[ ANÁLISIS IA · 1 CRÉDITO ]
¿Qué pasó realmente en esta partida?
Wolo.gg analiza cada decisión: build order, eco, micro, errores típicos por bracket. Análisis personalizado por WhatsApp o Discord en 30 segundos.
Guía civ
Magiares
Perfil
Jugador #429847